 Dungeon Crawl Stone Soup version 0.30.1 (webtiles) character file.

Game seed: 5465416207191710114

179054 Fecro the Imperceptible (level 17, -4/86 HPs)
             Began as a Spriggan Brigand on July 4, 2023.
             Was the Champion of Dithmenos.
             Killed by divine providence
             ... invoked by a meliai
              (14 damage)
             ... on level 4 of the Spider Nest on July 7, 2023.
             The game lasted 04:53:04 (50393 turns).

Fecro the Imperceptible (Spriggan Brigand)         Turns: 50393, Time: 04:53:05

Health: -4/86      AC:  2    Str:  7    XL:     17   Next: 29%
Magic:  12/33      EV: 29    Int: 13    God:    Dithmenos [******]
Gold:   2873       SH:  5    Dex: 24    Spells: 29/38 levels left

rFire   . . .        a - +8 quick blade (freeze)
rCold   . . .        (no shield)
rNeg    . . .        o - +3 troll leather armour
rPois   +            (helmet restricted)
rElec   .            c - +2 cloak
rCorr   .            (gloves unavailable)
SInv    +            (boots unavailable)
Will    ++...        G - amulet of reflection Stlth *******+++
                     M - ring of poison resistance
HPRegen 1.14/turn    u - +4 ring of slaying
MPRegen 0.23/turn

%: reflection
@: marked, corroded, hasted, wreathed by umbra, very quick
A: very small, no large weapons, unfitting armour, see invisible, speed 3
}: 1/15 runes: gossamer
a: Renounce Religion, Shadow Step, Shadow Form


You were on level 4 of the Spider Nest.
You worshipped Dithmenos.
Dithmenos was exalted by your worship.
You visited 6 branches of the dungeon, and saw 28 of its levels.
You also visited: Gauntlet.

You collected 3394 gold pieces.
You spent 521 gold pieces at shops.

Inventory:

Hand Weapons
 a - a +8 quick blade of freezing (weapon)
 e - a +0 shortbow of flaming
Missiles
 d - 26 poisoned darts
 L - 2 atropa-tipped darts
 N - 5 curare-tipped darts
Armour
 b - +0 ice dragon scales
 c - a +2 cloak (worn)
 l - a +2 robe of fire resistance
 o - a +3 troll leather armour (worn)
Jewellery
 u - a +4 ring of slaying (right hand)
 w - a ring of poison resistance
 G - an amulet of reflection (around neck)
 J - a ring of fire
 M - a ring of poison resistance (left hand)
 Q - a +4 ring of protection
 T - a ring of protection from fire
 U - a ring of protection from fire
Wands
 i - a wand of polymorph (23)
 s - a wand of charming (14)
 x - a wand of quicksilver (6)
 A - a wand of mindburst (2)
 C - a wand of digging (1)
Scrolls
 m - 2 scrolls of silence
 q - 4 scrolls of magic mapping
 v - a scroll of poison
 H - 6 scrolls of amnesia
 S - 2 scrolls of fear
Potions
 f - 8 potions of ambrosia
 h - 3 potions of berserk rage
 k - 5 potions of flight
 p - 2 potions of attraction
 r - 5 potions of mutation
 z - 5 potions of might
 B - a potion of brilliance
 F - a potion of curing
 K - a potion of resistance
 P - 3 potions of heal wounds
 V - a potion of cancellation
Miscellaneous
 j - a phantom mirror (inert)
 n - a phial of floods
 D - a box of beasts (inert)
 E - a condenser vane
 I - a lightning rod (inert) (quivered)


   Skills:
 + Level 8.3 Fighting
 + Level 9.4 Short Blades
 + Level 13.5 Ranged Weapons
 * Level 12.9 Throwing
 + Level 3.0 Armour
 * Level 13.2 Dodging
 * Level 23.4 Stealth
 - Level 2.7 Shields
 - Level 11.4 Spellcasting
 - Level 7.2 Translocations
 - Level 5.8 Transmutations
 + Level 8.7 Evocations


You had 29 spell levels left.
You knew the following spells:

 Your Spells              Type           Power      Damage    Failure   Level
a - Beastly Appendage     Tmut           44%        N/A       1%          1
b - Wereblood             Tmut           22%        N/A       1%          2
c - Gell's Gravitas       Tloc           26%        N/A       2%          3
d - Teleport Other        Tloc           26%        N/A       2%          3

Your spell library contained the following spells:

 Spells                   Type           Power      Damage    Failure   Level
 Spider Form              Tmut/Pois      15%        N/A       13%         3
 Foxfire                  Conj/Fire      28%        2x1d5     14%         1
 Kiss of Death            Conj/Necr      28%        2d7       14%         1
 Ignite Poison            Fire/Tmut/Pois 12%        N/A       19%         3
 Cigotuvi's Dreadful Rot  Necr/Pois/Air  14%        N/A       22%         2
 Ensorcelled Hibernation  Hex/Ice        14%        N/A       22%         2
 Poisonous Vapours        Pois/Air       14%        N/A       22%         2
 Scorch                   Fire           14%        2d6       22%         2
 Confusing Touch          Hex            7%         N/A       38%         3
 Inner Flame              Hex/Fire       7%         N/A       38%         3
 Mephitic Cloud           Conj/Pois/Air  7%         N/A       38%         3
 Summon Forest            Summ/Tloc      8%         N/A       65%         5
 Dispersal                Tloc           13%        N/A       73%         6
 Yara's Violent Unravell  Hex/Tmut       7%         3d5       75%         5
 Anguish                  Hex/Necr       3%         N/A       80%         4
 Dispel Undead            Necr           7%         3d8       80%         4
 Flame Wave               Conj/Fire      7%         2d5       80%         4
 Fireball                 Conj/Fire      3%         3d4       98%         5
 Freezing Cloud           Conj/Ice/Air   3%         6-21      98%         5
 Summon Mana Viper        Hex/Summ       7%         N/A       98%         5
 Plasma Beam              Fire/Air       3%         2x1d15    100%        6
 Starburst                Conj/Fire      3%         6d3       100%        6
 Summon Cactus Giant      Summ           3%         N/A       100%        6
 Enfeeble                 Hex            3%         N/A       100%        7


Dungeon Overview and Level Annotations

Branches:
Dungeon (15/15)            Temple (1/1) D:4            Lair (5/5) D:10
  Swamp (0/4) Lair:2       Spider (4/4) Lair:3        Slime (1/5) Lair:5
    Orc (2/2) D:11            Elf (0/3) Orc:2        Vaults (0/5) D:14
 Depths (0/4) D:15        Gauntlet (visited)

Altars:
Ashenzari
Cheibriados
Dithmenos
Elyvilon
Fedhas
Gozag
Hepliaklqana
Kikubaaqudgha
Makhleb
Nemelex Xobeh
Okawaru
Qazlal
Ru
Sif Muna
Trog
Uskayaw
Vehumet
Wu Jian
Xom
Yredelemnul
Zin
The Shining One
Jiyva

Shops:
D:7 (   Orc:2 *:=((

Annotations:
D:11 2 transporters, Esekla's ghost, journeyman DENe
D:14 exclusion: tengu warrior
Spider:1 2 transporters, monsoonserge's ghost, journeyman MiFi


Innate Abilities, Weirdness & Mutations

You are very small and have problems with some larger weapons.
You are too small for most types of armour.
You have supernaturally acute eyesight. (SInv)
You cover ground extremely quickly. (Speed+++)


Message History

You block the meliai's attack.
You feel sick. The meliai attacks as you move away!
The meliai hits you with a +0 war axe! The meliai barely misses you.
You feel sick. The meliai barely misses you. The meliai completely misses you.
You feel sick.
You hit the meliai. You freeze the meliai.
The meliai is moderately wounded.
Your shadow hits the meliai but does no damage.
You barely miss the meliai.
The meliai is moderately wounded.
Your shadow hits the meliai with a quick blade.
You feel sick. The meliai barely misses you. The meliai closely misses you.
You hit the meliai but do no damage.
The meliai is moderately wounded.
You feel sick. The meliai completely misses you. The meliai stings you.
You hit the meliai but do no damage.
The meliai is moderately wounded.
The meliai attacks as you move away! You block the meliai's attack.
The meliai barely misses you.
You feel sick.
The meliai mumbles some strange prayers to its god against you.
Something smites you!
There is an open gate here.
You feel sick.
You feel yourself speed up.
You feel sick. You block the meliai's attack. The meliai misses you.
The meliai hits you with a +0 war axe!!
* * * LOW HITPOINT WARNING * * *
You emit a cloud of dark smoke.
The meliai stings you.
* * * LOW HITPOINT WARNING * * *
You feel sick.
You feel sick.
You feel sick.
You feel sick.
You see here a staff of poison.
The meliai mumbles some strange prayers to its god against you.
Something smites you!
* * * LOW HITPOINT WARNING * * *
You feel better.
The meliai calls down the wrath of its god upon you.
Something smites you!
You die...

#....§§§§'..........
########..§.§B§B§.......^..
#.........B.y§§§§.....^.^..
########..#######...s..#...
#.y###[.##.s..s###..
#.|#[##.........#...
#..#..##...##..^..B.
#..##..##^#####....s
#..@##..### ###....
#.#^.##.^.####......
#.....##...^.......^
#####.####....####.. #.#
###### ##. #.# ## #§#####
#.....# #####.#


You could see a meliai.

Vanquished Creatures
  Arachne (Spider:4)
  Rupert (D:15)
  Donald (Spider:3)
  An azure jelly (Lair:5)
  4 ghost moths
  2 emperor scorpions (Spider:4)
  3 broodmothers
  Azrael (D:13)
  5 spark wasps
  A fire dragon (D:15)
  5 entropy weavers
  Josephine (D:13)
  2 ice dragons (D:15)
  A rakshasa (D:14)
  A vault guard (D:14)
  4 hydras
  4 boulder beetles
  5 centaur warriors
  3 jorogumos
  The ghost of jurchenman the Thaumaturge, a journeyman DECj of Vehumet (Lair:2)
  3 radroaches
  3 catoblepae
  3 two-headed ogres
  A merfolk avatar (Lair:5)
  14 death yaks
  2 tengu warriors
  Urug (Orc:2)
  4 orc high priests (Orc:2)
  A skyshark (Lair:4)
  3 pharaoh ants
  4 sun moths
  A sea snake (Lair:5)
  15 orb spiders
  4 spectral wolf spiders (Spider:3)
  5 steelbarb worms
  2 wizards
  3 wolf spider zombies (Spider:3)
  12 ugly things
  2 deep elf pyromancers
  9 orc knights
  3 manticores
  5 cyclopes
  4 oklob plants
  22 wolf spiders
  6 moths of wrath
  Maurice (D:8)
  An apocalypse crab (Spider:4)
  5 black mambas
  12 elephants
  A guardian serpent (shapeshifter) (D:14)
  20 cane toads
  7 torpor snails
  An unseen horror (D:11)
  4 demonic crawlers
  8 rime drakes
  A kobold demonologist (D:11)
  An efreet (D:14)
  A yaktaur (D:15)
  2 freezing wraiths
  7 komodo dragons
  6 trolls
  4 polar bears
  3 meliai
  25 tarantellas
  A tyrant leech (Lair:2)
  2 wolf spider simulacra (Spider:3)
  A wind drake (Lair:5)
  5 blink frogs
  3 hornets
  Prince Ribbit (D:7)
  A snapping turtle (Lair:5)
  15 slime creatures
  10 culicivoras
  9 wraiths
  Sigmund (D:2)
  A vampire (D:12)
  33 jumping spiders
  A shadow (D:10)
  27 yaks
  3 wyverns
  2 fire elementals
  5 basilisks
  6 vampire mosquitoes
  54 redbacks
  5 steam dragons
  A swamp worm (Lair:1)
  A warg (Orc:1)
  15 water moccasins
  A floating eye (Lair:1)
  4 hell hounds
  24 orc warriors
  3 ice beasts
  A sky beast (D:7)
  2 black bears
  8 ogres
  14 wolves
  3 boggarts (D:13)
  11 centaurs
  A phantom (D:6)
  3 kobold brigands
  12 bullfrogs
  4 gnoll sergeants
  4 scorpions
  10 wights
  9 killer bees
  2 howler monkeys (D:9)
  3 hounds
  27 orc priests
  4 jellies
  A sleepcap (D:6)
  4 iguanas
  11 orc wizards
  Robin (D:2)
  7 adders
  31 gnolls
  A shadow imp (D:8)
  A white imp (D:7)
  4 worms
  3 dart slugs
  71 orcs
  10 endoplasms
  7 giant cockroaches
  15 goblins
  5 hobgoblins
  10 jackals
  7 quokkas
  4 ball pythons
  3 bats
  2 frilled lizards (D:1)
  24 kobolds
  5 rats
869 creatures vanquished.

Vanquished Creatures (collateral kills)
  Jorgrun (D:13)
  A death yak (Lair:5)
  An orc high priest (Orc:2)
  An orc knight (Orc:2)
  A wolf spider (Spider:4)
  A troll (Orc:2)
  A yak (Lair:5)
  3 redbacks (Spider:4)
  3 orc warriors (Orc:2)
  A jelly (Lair:5)
  An orc priest (Orc:2)
  An orc wizard (Orc:2)
  2 gnolls (D:5)
18 creatures vanquished.

Vanquished Creatures (others)
  2 culicivoras
  2 redbacks
  2 orc warriors (Orc:2)
  An orc (D:8)
7 creatures vanquished.

Grand Total: 894 creatures vanquished

Notes
Turn   | Place    | Note
-------+----------+-------------------------------------------
     0 | D:1      | Fecro the Spriggan Brigand began the quest for the Orb.
     0 | D:1      | Reached XP level 1. HP: 10/10 MP: 2/2
   338 | D:1      | Reached skill level 6 in Stealth
   422 | D:1      | Reached XP level 2. HP: 14/14 MP: 3/3
   862 | D:2      | Noticed Robin
   881 | D:1      | Reached XP level 3. HP: 13/18 MP: 4/4
   900 | D:2      | Killed Robin
  1005 | D:2      | Reached skill level 7 in Stealth
  1274 | D:2      | Reached XP level 4. HP: 23/23 MP: 5/5
  1376 | D:2      | Noticed Sigmund
  1387 | D:2      | Killed Sigmund
  1388 | D:2      | Reached skill level 8 in Stealth
  1388 | D:2      | Reached XP level 5. HP: 26/26 MP: 6/6
  1643 | D:2      | Reached XP level 6. HP: 29/30 MP: 7/7
  1949 | D:2      | Found a faded altar of an unknown god.
  2485 | D:3      | Found a glowing silver altar of Zin.
  2675 | D:3      | Found a bloodstained altar of Trog.
  3179 | D:4      | Reached skill level 9 in Stealth
  3828 | D:4      | Reached XP level 7. HP: 14/35 MP: 8/8
  4100 | D:4      | Found a staircase to the Ecumenical Temple.
  4109 | Temple   | Entered the Ecumenical Temple
  4377 | D:5      | Entered Level 5 of the Dungeon
  4379 | D:5      | Reached skill level 10 in Stealth
  4550 | D:4      | Reached skill level 1 in Ranged Weapons
  4620 | D:4      | Reached skill level 11 in Stealth
  4745 | D:5      | Reached XP level 8. HP: 35/39 MP: 9/9
  5027 | D:5      | Found an ancient bone altar of Kikubaaqudgha.
  5123 | D:5      | Reached skill level 5 in Short Blades
  5637 | D:6      | Reached skill level 5 in Throwing
  5684 | D:6      | Found a basalt altar of Yredelemnul.
  6195 | D:7      | Noticed Prince Ribbit
  6198 | D:7      | Killed Prince Ribbit
  6199 | D:7      | Reached skill level 12 in Stealth
  6306 | D:7      | Found the +5 robe of Misfortune {Harm *Corrode *Slow EV+5}
  6307 | D:7      | Identified the +8 trident of the Riding Gods {flame, rElec
                  | rN+ Str+4}
  6491 | D:7      | Found Tocev's Antique Weapon Boutique.
  6502 | D:7      | Bought a glowing shortbow for 96 gold pieces
  6617 | D:6      | Reached skill level 1 in Spellcasting
  6617 | D:6      | Reached skill level 1 in Transmutations
  6617 | D:6      | Reached XP level 9. HP: 35/44 MP: 9/11
  7224 | D:7      | Found an ornate altar of the Wu Jian Council.
  7570 | D:7      | HP: 2/44 [poisoned by a killer bee]
  7832 | D:8      | Reached skill level 13 in Stealth
  7999 | D:8      | Noticed Maurice
  8044 | D:8      | Killed Maurice
  8045 | D:8      | Reached skill level 5 in Dodging
  8903 | D:8      | Found a glowing golden altar of the Shining One.
  8927 | D:8      | Identified a scroll of acquirement
  8928 | D:8      | Acquired a +4 quick blade of venom
  9015 | D:8      | Reached XP level 10. HP: 33/49 MP: 16/16
  9839 | D:9      | Noticed a two-headed ogre
  9874 | D:9      | Killed a two-headed ogre
  9875 | D:9      | Reached skill level 5 in Ranged Weapons
 10766 | D:10     | Entered Level 10 of the Dungeon
 10783 | D:10     | Reached skill level 5 in Spellcasting
 10799 | D:10     | Reached skill level 14 in Stealth
 10827 | D:10     | Reached skill level 5 in Transmutations
 11020 | D:10     | Found a staircase to the Lair.
 11507 | D:10     | Found a shimmering blue altar of Sif Muna.
 11582 | D:10     | Noticed a two-headed ogre
 11610 | D:10     | Killed a two-headed ogre
 11611 | D:10     | Reached XP level 11. HP: 54/54 MP: 20/20
 11688 | D:10     | Found a shadowy altar of Dithmenos.
 11698 | D:10     | Became a worshipper of Dithmenos the Shadowed
 11951 | D:11     | Found a staircase to the Orcish Mines.
 11954 | D:11     | Noticed a two-headed ogre
 11978 | D:10     | Killed a two-headed ogre
 12538 | D:11     | Noticed a tengu warrior
 12544 | D:11     | Noticed Esekla's ghost (journeyman DENe)
 12545 | D:11     | Found a bloodstained altar of Trog.
 12552 | D:11     | Found a transporter.
 12558 | D:11     | Found a transporter.
 12567 | D:11     | Learned a level 1 spell: Beastly Appendage
 13045 | D:11     | Reached skill level 1 in Translocations
 13592 | D:12     | Noticed a white ugly thing
 13597 | D:12     | Killed a white ugly thing
 13614 | D:12     | Noticed a boulder beetle
 13619 | D:12     | Killed a boulder beetle
 13620 | D:12     | Reached skill level 15 in Stealth
 13644 | D:12     | Noticed a deep elf pyromancer
 14123 | D:12     | Killed a deep elf pyromancer
 14979 | D:13     | Noticed Josephine
 15246 | D:13     | Noticed Jorgrun
 15246 | D:13     | Noticed a green ugly thing
 15246 | D:13     | Noticed a brown ugly thing
 15562 | Lair:1   | Entered Level 1 of the Lair of Beasts
 15608 | D:10     | Reached skill level 1 in Evocations
 15683 | D:10     | Reached skill level 5 in Fighting
 15830 | Lair:1   | Noticed a boulder beetle
 15837 | Lair:1   | Killed a boulder beetle
 15837 | Lair:1   | Reached * piety under Dithmenos
 15838 | Lair:1   | Reached XP level 12. HP: 60/60 MP: 23/23
 17280 | Lair:2   | Noticed a boulder beetle
 17287 | Lair:2   | Killed a boulder beetle
 17371 | Lair:1   | Reached skill level 5 in Translocations
 17528 | Lair:2   | Found a staircase to the Swamp.
 18541 | Lair:2   | Reached skill level 16 in Stealth
 18541 | Lair:2   | Reached skill level 1 in Shields
 18606 | Lair:2   | Identified the +6 flail "Feshic" {drain, rPois rCorr}
 18626 | Lair:2   | Found a runed translucent gate.
 18627 | Lair:2   | Found a runed translucent gate.
 18628 | Lair:2   | Found a runed translucent gate.
 18628 | Lair:2   | Noticed jurchenman's ghost (journeyman DECj)
 19376 | Lair:2   | Reached ** piety under Dithmenos
 19400 | Lair:2   | Noticed a death yak
 19401 | Lair:2   | Noticed a death yak
 19404 | Lair:2   | Noticed a death yak
 19534 | Lair:1   | Killed a death yak
 19706 | Lair:1   | Killed a death yak
 20013 | Lair:1   | Killed a death yak
 20014 | Lair:1   | Reached skill level 10 in Ranged Weapons
 20507 | Lair:2   | Killed jurchenman's ghost
 20828 | Lair:3   | Found a hole to the Spider Nest.
 20910 | Lair:3   | Reached XP level 13. HP: 49/64 MP: 26/26
 21745 | Lair:3   | Reached *** piety under Dithmenos
 22781 | Lair:3   | Learned a level 2 spell: Wereblood
 23491 | Lair:5   | Entered Level 5 of the Lair of Beasts
 23758 | Lair:4   | Reached skill level 17 in Stealth
 23867 | Lair:5   | Found a gate leading to a gauntlet.
 24154 | Gauntlet | Entered a Gauntlet
 24154 | Gauntlet | Found a transporter.
 24162 | Gauntlet | Found a transporter.
 24163 | Gauntlet | Found a transporter.
 24180 | Gauntlet | Found a transporter.
 24183 | Gauntlet | Found a transporter.
 24184 | Gauntlet | Found a runed translucent door.
 24187 | Gauntlet | Found a runed translucent door.
 24190 | Gauntlet | Found a transporter.
 24203 | Gauntlet | Noticed a reaper
 24206 | Gauntlet | Found a transporter.
 24216 | Gauntlet | Found a transporter.
 24236 | Gauntlet | Found a transporter.
 24248 | Gauntlet | Found a transporter.
 24248 | Gauntlet | Found a transporter.
 24250 | Gauntlet | Found a transporter.
 24272 | Gauntlet | Found a transporter.
 24298 | Gauntlet | Found a transporter.
 24420 | Lair:5   | Reached **** piety under Dithmenos
 25207 | Lair:4   | Reached XP level 14. HP: 43/70 MP: 28/28
 25338 | Lair:5   | Reached skill level 18 in Stealth
 25418 | Lair:5   | Reached skill level 5 in Evocations
 25440 | Lair:5   | Found a viscous altar of Jiyva.
 25787 | Lair:5   | Found a staircase to the Slime Pits.
 26016 | Lair:5   | Reached skill level 10 in Throwing
 26113 | Lair:5   | Reached ***** piety under Dithmenos
 26161 | Lair:5   | Learned a level 3 spell: Gell's Gravitas
 26165 | Lair:5   | Learned a level 3 spell: Teleport Other
 26211 | Lair:5   | Reached skill level 10 in Spellcasting
 26746 | Lair:4   | HP: 1/70 [rime drake/icy flash freeze (29)]
 29280 | Orc:1    | Entered Level 1 of the Orcish Mines
 29987 | Orc:2    | Entered Level 2 of the Orcish Mines
 30000 | Orc:2    | Noticed Urug
 30033 | Orc:2    | Killed Urug
 30337 | Orc:2    | Found Aseukev's General Store.
 30884 | Orc:2    | Found a staircase to the Elven Halls.
 30993 | Orc:2    | Reached ****** piety under Dithmenos
 32253 | Orc:2    | Found Osal's Book Shop.
 32253 | Orc:2    | Found Foagom's Jewellery Shop.
 32254 | Orc:2    | Found Unoodol's Antique Weapon Shop.
 32254 | Orc:2    | Found Cegir's Antique Weapon Boutique.
 32491 | D:12     | Reached skill level 1 in Armour
 32779 | D:13     | Killed Jorgrun
 33344 | D:13     | Killed Josephine
 33822 | D:13     | Reached XP level 15. HP: 58/73 MP: 30/30
 34576 | D:14     | Reached skill level 19 in Stealth
 34792 | D:14     | Noticed Azrael
 35270 | Orc:2    | Bought a ring of fire for 425 gold pieces
 35744 | D:13     | HP: 3/75 [Azrael/damnation (51)]
 36707 | D:13     | Killed Azrael
 36825 | D:14     | Reached skill level 10 in Dodging
 37393 | D:14     | Found a gate to the Vaults.
 37514 | D:15     | Entered Level 15 of the Dungeon
 37519 | D:14     | Acquired 913 gold pieces
 37880 | D:15     | Noticed Rupert
 37898 | D:15     | Paralysed by Rupert for 5 turns
 38010 | D:15     | Paralysed by Rupert for 2 turns
 38053 | D:15     | Killed Rupert
 38148 | D:15     | Found a staircase to the Depths.
 38680 | D:15     | Found a glowing golden altar of the Shining One.
 38680 | D:15     | Found a white marble altar of Elyvilon.
 38680 | D:15     | Found a glowing silver altar of Zin.
 39835 | Slime:1  | Entered Level 1 of the Pits of Slime
 39852 | Slime:1  | Noticed an azure jelly
 39953 | Lair:5   | Killed an azure jelly
 40569 | Slime:1  | Noticed an acid blob
 40711 | Spider:1 | Entered Level 1 of the Spider Nest
 42405 | Spider:1 | Noticed monsoonserge's ghost (journeyman MiFi)
 42410 | Spider:1 | Reached skill level 20 in Stealth
 42413 | Spider:1 | Found a transporter.
 42413 | Spider:1 | Noticed an emperor scorpion
 42420 | Spider:1 | Found a transporter.
 42523 | Spider:1 | Identified the +5 ring mail "Haud" {*Slow Will++}
 43393 | Spider:2 | Identified the +6 war axe of Crusades {antimagic, Int+3}
 44274 | Spider:1 | Reached XP level 16. HP: 81/81 MP: 20/32
 46100 | Spider:2 | Reached skill level 21 in Stealth
 46195 | Spider:2 | You fall into a shaft and drop 1 floor!
 46312 | Spider:3 | Noticed Donald
 46332 | Spider:3 | Killed Donald
 46525 | Spider:4 | Entered Level 4 of the Spider Nest
 47682 | Spider:2 | Reached skill level 22 in Stealth
 49355 | Spider:4 | Noticed Arachne
 49388 | Spider:4 | Killed Arachne
 49390 | Spider:4 | Reached XP level 17. HP: 85/85 MP: 33/33
 49834 | Spider:4 | Reached skill level 23 in Stealth
 49873 | Spider:4 | HP: 4/86 [poisoned by a wolf spider]
 50190 | Spider:4 | Got a gossamer rune of Zot
 50390 | Spider:4 | HP: 2/86 [meliai/divine providence (8)]
 50393 | Spider:4 | Killed from afar by a meliai

Illustrated notes

Levels and vault maps discovered:
D:1:      minmay_arrival_widening_spiral_narrow, layout_loops_cross
D:2:      layout_loops_cross, hellmonk_ecumenical_altar_prayer_group,
          serial_co_window_serial, co_window_corner_a,
          co_window_of_opportunity_a, co_window_of_opportunity_a,
          co_window_paths_a, co_window_paths_a, co_window_of_opportunity_a,
          co_window_of_opportunity_a, co_window_of_opportunity_b,
          co_window_corner_cb, co_window_of_opportunity_b, glass_columns_a,
          uniq_robin, uniq_sigmund
D:3:      layout_basic, mainiacjoe_overflow_six_doors_small,
          nicolae_overflow_crystal_walls, serial_bayou, serial_bayou_crossing,
          serial_bayou_lagoon_a, serial_bayou_shore_a, serial_bayou_lake_a,
          grunt_ministairs_8
D:4:      layout_basic, minmay_temple_entry_mist, cheibrodos_gnoll_hut
D:5:      layout_basic, kiku_gazebo_pond_becter, grunt_decor_arrowhead
D:6:      layout_basic, yredelemnul_altar_generic
D:7:      layout_gridville, kennysheep_mini_moat, serial_shops,
          nicolae_shop_peninsula, uniq_prince_ribbit1
D:8:      layout_basic, mainiacjoe_overflow_boulevard, uniq_maurice
D:9:      layout_irregular_city, serial_bayou_pond_d
D:10:     layout_basic, lemuel_blue_sif_altar,
          mainiacjoe_overflow_small_starburst, dpeg_oklobed_lair
D:11:     layout_irregular_city, orc_0_dummy, gammafunk_ghost_wrathful_warriors
D:12:     layout_long_grid, grunt_ministairs_8, roderic_three_in_a_row,
          chequers_serial_rivers_large_b
D:13:     layout_loops_ring, uniq_josephine, uniq_jorgrun
D:14:     wander_river, layout_basic, david_vaults_5,
          wad_floor_pattern_untrapped, uniq_azrael
D:15:     grunt_enter_depths_hoard, layout_cave_pods, good_gods_mini_temple,
          uniq_rupert
Temple:   jpeg_temple_clearing
Lair:1:   layout_hall_layers, disabler_island, lemuel_fruit_tree
Lair:2:   layout_misc_corridors, minmay_swamp_entry_worms,
          ebering_ghost_rock_garden, grunt_megastairs_5
Lair:3:   layout_roguey, nicolae_spider_entry_non_spiders, serial_bayou_pond_a
Lair:4:   layout_hall_layers, grunt_megastairs_4
Lair:5:   gammafunk_lair_ancient_temple, layout_cave_pods,
          nicolae_slime_entry_field_trip, gauntlet_entry_generic
Spider:1: layout_spider_delve, gammafunk_ghost_arena,
          nicolae_spider_not_touching_you
Spider:2: layout_spider_delve
Spider:3: layout_spider_delve, nicolae_spider_undead_wolf_pack, uniq_donald
Spider:4: johnstein_spider_rune_arachne_lair, nicolae_spider_baby_got_redback
Slime:1:  layout_caves
Orc:1:    layout_caves
Orc:2:    st_orc_pillars, layout_diamond_mine, serial_shops, shop, uniq_urug

Skill      XL: |  1  2  3  4  5  6  7  8  9 10 11 12 13 14 15 16 17 |
---------------+----------------------------------------------------+-----
Stealth        | 6 7 8 9 11 12 13 14 15 16 17 18 20 22 23 | 23.4
Fighting       | 2 3 4 5 6 7 8 |  8.3
Short Blades   | 3 4 5 6 7 8 9 |  9.4
Throwing       | 3 4 5 6 7 8 9 10 11 12 | 12.9
Dodging        | 2 3 4 5 6 7 8 9 11 12 13 | 13.2
Ranged Weapons | 1 3 4 6 8 10 11 12 13 | 13.5
Spellcasting   | 1 3 5 7 8 9 10 11 | 11.4
Transmutations | 1 3 5 |  5.8
Translocations | 4 6 7 |  7.2
Evocations     | 1 4 7 8 |  8.7
Shields        | 1 2 |  2.7
Armour         | 1 2 3 |  3.0

Action                     |  1- 3 |  4- 6 |  7- 9 | 10-12 | 13-15 | 16-18 || total
---------------------------+-------+-------+-------+-------+-------+-------++-------
  Melee: Dagger            |   101 |   174 |   283 |       |       |       ||   558
         Punch             |       |     4 |     2 |    13 |    24 |    10 ||    53
         Quick blade       |       |       |    20 |   646 |  1777 |   589 ||  3032
         Kick              |       |       |       |       |   158 |    32 ||   190
         Headbutt          |       |       |       |       |   106 |    20 ||   126
   Fire: Shortbow          |       |       |    77 |   577 |   870 |   209 ||  1733
  Throw: Dart              |     3 |    12 |    14 |    42 |   136 |    43 ||   250
         Stone             |       |     3 |       |       |     3 |       ||     6
         Boomerang         |       |       |       |       |    45 |     5 ||    50
   Cast: Beastly Appendage |       |       |       |       |    21 |     7 ||    28
         Wereblood         |       |       |       |       |     5 |     4 ||     9
         Teleport Other    |       |       |       |       |     2 |       ||     2
  Evoke: Wand              |       |       |     1 |    12 |    30 |    12 ||    55
         Lightning rod     |       |       |       |     5 |    16 |    14 ||    35
         Box of beasts     |       |       |       |       |     4 |     3 ||     7
         Condenser vane    |       |       |       |       |     2 |     1 ||     3
         Phial of floods   |       |       |       |       |     1 |     1 ||     2
         Phantom mirror    |       |       |       |       |       |     3 ||     3
    Use: Scroll            |     2 |    14 |    10 |     5 |    17 |    11 ||    59
         Potion            |       |       |     2 |     4 |     7 |     6 ||    19
   Stab: Sleeping          |    11 |    13 |    19 |    24 |    60 |    46 ||   173
         Distracted        |       |     1 |       |     3 |     6 |     8 ||    18
         Invisible         |       |       |       |       |    19 |     6 ||    25
 Armour: Robe              |    15 |    24 |    29 |       |     7 |       ||    75
         Steam dragon scal |       |       |     5 |    34 |    90 |       ||   129
         Troll leather arm |       |       |       |       |    66 |    40 ||   106
         Ice dragon scales |       |       |       |       |       |     1 ||     1
  Dodge: Dodged            |    51 |    94 |   239 |   334 |  1125 |   462 ||  2305
  Block: Buckler           |       |       |     4 |    54 |    23 |       ||    81
         Other             |       |       |       |    34 |   235 |    92 ||   361
         Reflection        |       |       |       |     3 |    14 |     1 ||    18
